 Dungeon Crawl Stone Soup version 0.28-a0-628-g3c9886e45e (webtiles) character file.

Game seed: 16745862338161599802

963 willcat the Covered (level 8, -5/56 (58) HPs)
             Began as a Human Delver on Oct 8, 2021.
             Was an Initiate of Gozag.
             Slain by a wight (19 damage)
             ... on level 8 of the Dungeon.
             The game lasted 00:06:22 (3264 turns).

willcat the Covered (Human Delver)                  Turns: 3264, Time: 00:06:23

HP:   -5/56 (58)    AC:  7    Str: 14    XL:     8   Next: 37%
MP:   8/8           EV: 11    Int: 12    God:    Gozag
Gold: 136           SH:  0    Dex: 14    Spells: 7/7 levels left

rFire   . . .      SeeInvis .   t - +4 battleaxe
rCold   . . .      Faith    .   (shield currently unavailable)
rNeg    . . .      Spirit   .   k - +0 acid dragon scales
rPois   .          Reflect  .   (no helmet)
rElec   .          Harm     +   j - scarf {harm}
rCorr   +          Rampage  .   (no gloves)
Will    .....                   (no boots)
Stlth   +++.......              (no amulet)
HPRegen 0.18/turn               (no ring)
MPRegen 0.11/turn               (no ring)

@: gold aura, lightly drained
A: no striking features
a: Renounce Religion, Potion Petition, Call Merchant, Bribe Branch


You were on level 8 of the Dungeon.
You worshipped Gozag.
Gozag was aware of your devotion.
You visited 2 branches of the dungeon, and saw 5 of its levels.
You also visited: Sewer.

You collected 195 gold pieces.
You paid 59 gold pieces to Gozag.

Inventory:

Hand Weapons
 r - the +0 short sword "Qexucrod" {vamp, Will++ MP-9 Int+3}
   (You found it on level 7 of the Dungeon)

   It occasionally heals its wielder for a portion of the damage dealt when it
   wounds a living foe.
   Int:       It affects your intelligence (+3).
   MP:        It affects your magic capacity (-9).
   Will:      It greatly increases your willpower.
 t - a +4 battleaxe (weapon)
Armour
 b - a +0 leather armour
 j - a scarf of harm (worn)
 k - +0 acid dragon scales (worn)
Wands
 a - a wand of charming (7)
 g - a wand of digging (2)
 s - a wand of polymorph (11)
Scrolls
 c - a scroll of fog
 d - 2 scrolls of magic mapping
 e - a scroll of fear
 i - 3 scrolls of teleportation
 l - a scroll of brand weapon
Potions
 f - a potion of haste
 h - a potion of brilliance {unknown}
 m - a potion of might {unknown}
 n - a potion of invisibility
 o - a potion of lignification {unknown}
 p - a potion of heal wounds {unknown}
 q - 2 potions of flight {unknown}


   Skills:
 - Level 3.0 Fighting
 - Level 4.0 Long Blades
 + Level 2.1 Axes
 + Level 6.2 Armour
 - Level 2.0 Dodging
 - Level 5.0 Stealth
 - Level 4.5 Evocations


You had 7 spell levels left.
You didn't know any spells.
Your spell library contained the following spells:

 Spells                   Type           Power      Damage    Failure   Level
 Ignite Poison            Fire/Tmut/Pois 0%         N/A       80%         3
 Mephitic Cloud           Conj/Pois/Air  0%         N/A       80%         3
 Freezing Cloud           Conj/Ice/Air   0%         6-21      100%        5


Dungeon Overview and Level Annotations

Branches:
Dungeon (8/15)             Temple (1/1) D:7           Sewer (visited)
   Lair: D:8-11

Altars:
Dithmenos
Elyvilon
Fedhas
Gozag
Hepliaklqana
Kikubaaqudgha
Qazlal
Ru
Trog
Uskayaw
Vehumet
Wu Jian
Xom
Zin
The Shining One

Shops:
D:7 ?


Message History

The orc misses you.
You closely miss the orc. The orc hits you with a +0 war axe.
The orc closely misses you. The orc hits you but does no damage.
You slash the orc!
You kill the orc!
A wight comes into view. It is wielding a +2 falchion.
A wight comes into view. It is wielding a +3 battleaxe.
Items here: ! $ ))) ? [[.
Press: ? - help, v - describe, . - travel
Here: a wight, wielding a +3 battleaxe and wearing a +0 robe The floor.
Items here: ! $ ))) ? [[.
Things that are here:
5 gold pieces; a +0 flail; a +0 scale mail
There are monsters nearby!
You barely miss the wight. The wight hits you with a +2 falchion.
You feel drained. The wight misses you.
You completely miss the wight. The wight hits you with a +2 falchion.
The wight closely misses you.
You hit the wight but do no damage. The wight barely misses you.
You slash the wight!
The wight is almost destroyed.
The wight closely misses you. The wight hits you with a +2 falchion.
You barely miss the wight.
The wight is almost destroyed.
The wight hits you but does no damage.
You slash the wight!
You destroy the wight!
Your life force feels restored.
Your Axes skill increases to level 2!
You barely miss the wight. The wight hits you with a +3 battleaxe!
You feel drained.
* * * LOW HITPOINT WARNING * * *
The wight barely misses you.
You closely miss the wight. The wight completely misses you.
You hit the wight.
The wight is heavily damaged.
The wight hits you with a +3 battleaxe!
You die...
Your body crumbles into a pile of gold.

### ###########.#
............#
####..#####.##.###
#....#§##.##.#..
#R#....#§§#.##.#.#####.#
§§#_.._#W§#.#..#........
§§#....#§##.##.#....<#
#§#....####.##.#@# #.#
###...### #....#z# #.#
####### # ##.z...# #.#
..# #.##$#######.# #
#............####### #
......#z...............
#
.......z.......<....###
# .####...<#....#####.#
# #...............#


You could see a wight.

Vanquished Creatures
  An acid dragon (D:6)
  Purgy (Sewer)
  An ice beast (D:8)
  A black bear (D:7)
  An ogre (D:6)
  A centaur (D:7)
  A bullfrog (D:7)
  2 wights
  A jelly (D:7)
  A centaur zombie (D:6)
  An orc priest (D:8)
  2 hounds
  A centaur skeleton (D:6)
  An orc wizard (D:8)
  An iguana (D:5)
  A shadow imp (D:6)
  2 worms (D:6)
  8 orcs
  2 ball pythons (Sewer)
  2 giant cockroaches (D:6)
  2 jackals (D:5)
  A quokka (D:6)
  4 frilled lizards (Sewer)
  3 rats (D:6)
42 creatures vanquished.

Notes
Turn   | Place    | Note
-------+----------+-------------------------------------------
     0 | D:5      | willcat the Human Delver began the quest for the Orb.
     0 | D:5      | Reached XP level 1. HP: 18/18 MP: 1/1
    58 | D:5      | Noticed an iguana
    60 | D:5      | Noticed an ice beast
    63 | D:5      | Killed an iguana
    64 | D:5      | Reached skill level 1 in Armour
    64 | D:5      | Reached skill level 1 in Evocations
    64 | D:5      | Reached XP level 2. HP: 24/24 MP: 2/2
    64 | D:5      | Reached XP level 3. HP: 29/29 MP: 3/3
   108 | D:6      | Noticed an ice beast
   176 | D:6      | Noticed an ogre
   181 | D:6      | HP: 1/29 [ogre (13)]
   182 | D:6      | Killed an ogre
   183 | D:6      | Reached skill level 2 in Armour
   183 | D:6      | Reached XP level 4. HP: 2/35 MP: 4/4
   183 | D:6      | Reached XP level 5. HP: 2/41 MP: 5/5
   256 | D:6      | Reached skill level 3 in Armour
   368 | D:6      | Reached XP level 6. HP: 19/47 MP: 6/6
   370 | D:6      | Noticed an acid dragon
   480 | D:6      | Killed an acid dragon
   481 | D:6      | Reached skill level 4 in Armour
   564 | D:6      | Found a glowing drain.
   630 | Sewer    | Entered a sewer
   882 | Sewer    | Noticed Purgy
   892 | Sewer    | Killed Purgy
   893 | Sewer    | Reached XP level 7. HP: 52/52 MP: 7/7
   950 | D:6      | Found a white marble altar of Elyvilon.
  1054 | D:6      | Noticed a steam dragon
  1594 | D:7      | Reached skill level 5 in Armour
  1939 | D:7      | Found Kiuc's Magic Scroll Shoppe.
  1996 | D:7      | Found a staircase to the Ecumenical Temple.
  2072 | Temple   | Entered the Ecumenical Temple
  2131 | Temple   | Became a worshipper of Gozag Ym Sagoz the Greedy
  2220 | D:7      | Identified the +0 short sword "Qexucrod" {vamp, Will++ MP-9
                  | Int+3}
  2489 | D:7      | Found an ornate altar of the Wu Jian Council.
  2558 | D:7      | Reached XP level 8. HP: 57/58 MP: 8/8
  2822 | D:8      | Identified the +0 leather armour of Twilight {rPois rN+++
                  | Regen+ Str-2}
  2851 | D:8      | Reached skill level 1 in Axes
  2912 | D:8      | Reached skill level 6 in Armour
  3193 | D:8      | Found a glowing silver altar of Zin.
  3218 | D:8      | Noticed a shadow
  3219 | D:8      | Found a shadowy altar of Dithmenos.
  3220 | D:8      | Found a hazy altar of Hepliaklqana.
  3264 | D:8      | Slain by a wight

Illustrated notes

Levels and vault maps discovered:
D:5:      layout_rooms
D:6:      layout_cave_pools, lemuel_mausoleum_altar_yredelemnul,
          elyvilon_altar_3, gup_sewer_entry_bubbles
D:7:      layout_basic, nicolae_wu_jian_glorious_leap,
          minmay_temple_entry_antechambers, serial_shops, shop_fountains
D:8:      layout_basic, riverfiend_overflow_shadow_ancestor, zin_scriptorium,
          gammafunk_ghost_necromancy, dk_noncrumbling_3
Temple:   nicolae_temple_god_jail

Skill      XL: |  1  2  3  4  5  6  7  8 |
---------------+-------------------------+-----
Armour         | 1 2 3 4 5 6 |  6.2
Evocations     | 1 2 3 4 |  4.5
Long Blades    | 3 4 |  4.0
Axes           | 2 |  2.1
Fighting       | |  3.0
Dodging        | |  2.0
Stealth        | |  5.0

Action                   |  1- 3 |  4- 6 |  7- 9 || total
-------------------------+-------+-------+-------++-------
Melee: Falchion          |     7 |   105 |    42 ||   154
       Short sword       |       |       |     8 ||     8
       Battleaxe         |       |       |    35 ||    35
Evoke: Wand              |     4 |     6 |     2 ||    12
  Use: Potion            |       |     2 |     2 ||     4
       Scroll            |       |     1 |     3 ||     4
 Stab: Sleeping          |     2 |       |     3 ||     5
       Invisible         |       |     1 |     2 ||     3
Armor: Leather armour    |     1 |     9 |       ||    10
       Acid dragon scale |       |    39 |    51 ||    90
Dodge: Dodged            |     7 |    80 |    63 ||   150

Table legend: (Time is in decaauts)
 A = Elapsed time spent in this place.
 B = Non-inter-level travel time spent in this place.
 C = Inter-level travel time spent in this place.
 D = Time resting spent in this place.
 E = Time spent auto-exploring this place.
 F = Levels seen in this place.
 G = Mean time per level.
                   A        B        C        D        E       F      G
               +--------+--------+--------+--------+--------+-----+--------+
         Total |   3354 |   3201 |    153 |    747 |   1444 |   6 |  559.0 |
       Dungeon |   2946 |   2803 |    143 |    547 |   1391 |   4 |  736.5 |
        Temple |     68 |     59 |      9 |      0 |     40 |   1 |   68.0 |
         Sewer |    339 |    339 |      0 |    200 |     13 |   1 |  339.0 |
               +--------+--------+--------+--------+--------+-----+--------+

Top non-repeatable levels by time:
     D:7: 1377 daAuts
     D:6: 899 daAuts
     D:8: 552 daAuts
   Sewer: 339 daAuts
     D:5: 116 daAuts
  Temple: 68 daAuts
